AoeStats
← wugabor

Arabia

510520507Analyzed
1v1 RM · 12h ago on Oct 1, 2026· 30m 28s· 2 players
Game mode
Random Map
Map size
Tiny (2 player)
Population
200
Speed
Normal
Resources
Standard
Victory
Conquest
Starting age
Dark Age
Ending age
Imperial Age
RankedLock teamsTeams togetherTeam positionsShared explorationLock speedFull tech treeHidden civsTurbo modeCheats
Victory
Defeat
🇭🇺 Sicilians · Hungary
1111
+16
🇪🇨 Saxons · Ecuador
1108
-16
| CZK | CONANJD
7:06 Loom
9:31 Feudal Age
10:10 Double-Bit Axe
17:29 Castle Age
15:31 Horse Collar
15:52 Gold Mining
16:40 Scale Mail Armor
18:01 Forging
18:46 Squires
21:09 Arson
wugabor
8:27 Loom
11:14 Feudal Age
18:30 Castle Age
16:21 Horse Collar
17:15 Gold Mining
18:08 Scale Mail Armor
18:25 Double-Bit Axe
22:37 Chain Mail Armor
23:08 Forging
24:17 Fletching
28:52 Wheelbarrow
Connection lost

Rejoining the realm…

Still unreachable

The connection could not be restored.

Session expired

The server has moved on; the page needs a fresh start.